[Event "fics rated crazyhouse match"]
[Site "fics, Oklahoma City, OK USA"]
[Date "2000.11.26"]
[White "JKiller"]
[WhiteElo "2454"]
[Black "Gobi"]
[BlackElo "2353"]
[TimeControl "180+0"]
[Result "1-0"]

1. e4 Nc6 2. d4 Nf6 3. e5 Nd5 4. c4 Ndb4 5. Nf3 e6 6. Nc3 
d6 7. exd6 cxd6 8. a3 P@g4 9. axb4 gxf3 10. gxf3 Nxd4 11. P@c2 N@h4 
12. P@g2 Ndxf3+ 13. gxf3 P@g2 14. Rg1 gxf1=Q+ 15. Kxf1 B@h3+ 16. Ke1 Ng2+ 17. Ke2 
d5 18. N@g5 P@g4 19. fxg4 Bxg4+ 20. P@f3 Bxb4 21. Rxg2 Bxc3 22. bxc3 Bxf3+ 
23. Nxf3 P@e4 24. Ng5 P@f3+ 25. Nxf3 exf3+ 26. Kxf3 N@h4+ 27. Ke3 Nxg2+ 28. Kd2 
dxc4+ 29. N@d4 N@e4+ 30. Ke2 Nxc3+ 31. Kf1 Nxd1 32. B@a4+ P@c6 33. P@d7+ Qxd7 
34. Bg5 Qxd4 35. N@c7+ Kd7 36. B@e3 Ndxe3+ 37. Bxe3 
{Gobi forfeits on time} 1-0

[Event "fics rated crazyhouse match"]
[Site "fics, Oklahoma City, OK USA"]
[Date "2000.11.26"]
[White "Gobi"]
[WhiteElo "2347"]
[Black "JKiller"]
[BlackElo "2460"]
[TimeControl "180+0"]
[Result "0-1"]

1. e4 e6 2. d4 d5 3. e5 c5 4. Nf3 cxd4 5. Nxd4 P@f6 6. Nb5 
Nc6 7. P@d6 fxe5 8. Nc7+ Qxc7 9. dxc7 Bd6 10. Qg4 N@f5 11. Bd3 P@e4 
12. Bb5 Bxc7 13. Nc3 Nf6 14. Qxf5 exf5 15. Bg5 Be6 16. Bxf6 gxf6 17. N@g7+ 
Kd8 18. Nxe6+ fxe6 19. N@f7+ Ke7 20. Nxh8 Rxh8 21. B@b4+ B@d6 22. Q@g7+ N@f7 
23. Bxd6+ Bxd6 24. B@h5 P@g6 25. Bxc6 bxc6 26. R@b7+ B@c7 27. N@a5 Q@d7 28. Rxa7 
B@h6 29. Qxh8 Nxh8 30. Rd1 gxh5 
{Gobi forfeits on time} 0-1

[Event "fics rated crazyhouse match"]
[Site "fics, Oklahoma City, OK USA"]
[Date "2000.11.26"]
[White "JKiller"]
[WhiteElo "2466"]
[Black "Gobi"]
[BlackElo "2341"]
[TimeControl "180+0"]
[Result "1-0"]

1. e4 Nc6 2. d4 Nf6 3. e5 Nd5 4. Nf3 e6 5. c4 Ndb4 6. a3 
Nxe5 7. Nxe5 P@c2 8. Qf3 Qf6 9. Nc3 Qxf3 10. gxf3 Nc6 11. Nxc6 bxc6 
12. Rg1 N@b3 13. N@h5 Q@f5 14. Bg5 f6 15. Bxf6 Nxa1 16. Q@d8+ Kf7 17. Rxg7+ 
Bxg7 18. Qe7+ Kg6 19. Qxg7+ Kxh5 20. N@g3# 
{Gobi checkmated} 1-0

[Event "fics rated crazyhouse match"]
[Site "fics, Oklahoma City, OK USA"]
[Date "2000.11.26"]
[White "spurs"]
[WhiteElo "2199"]
[Black "liveZ"]
[BlackElo "2375"]
[TimeControl "60+0"]
[Result "1-0"]

1. d4 e6 2. Nf3 Nc6 3. Nc3 Nf6 4. Bg5 Bb4 5. Bxf6 Qxf6 6. e3 
d5 7. Bb5 B@a5 8. Bxc6+ bxc6 9. N@e2 B@a6 10. N@d3 Bxd3 11. cxd3 Ba6 
12. B@c2 N@a4 13. Bxa4 Bc4 14. Bxc6+ Ke7 15. dxc4 dxc4 16. B@g5 P@d7 17. Bxf6+ 
gxf6 18. N@d5+ exd5 19. Bxd7 Kxd7 20. P@c6+ Kxc6 21. Q@b5+ Kd6 22. P@e5+ Ke7 
23. Nf4 B@e4 24. Nxd5+ Bxd5 25. Qxd5 B@e6 26. exf6+ Kxf6 27. B@e5+ Ke7 28. P@f6+ 
Ke8 29. Qxa8+ N@c8 30. Qxc8+ Bxc8 31. N@g7+ Kd7 32. P@c6+ Kxc6 33. d5+ Kb7 
34. R@b5+ Ka8 35. O-O P@d2 36. d6 N@h3+ 37. Kh1 Q@g1+ 38. Nxg1 Nxf2+ 39. Rxf2 
P@b7 40. h3 
{liveZ forfeits on time} 1-0

[Event "fics rated crazyhouse match"]
[Site "fics, Oklahoma City, OK USA"]
[Date "2000.11.26"]
[White "liveZ"]
[WhiteElo "2363"]
[Black "spurs"]
[BlackElo "2211"]
[TimeControl "60+0"]
[Result "0-1"]

1. e4 e6 2. d4 d5 3. exd5 exd5 4. Nf3 Bb4+ 5. Bd2 Qe7+ 6. P@e5 
Bxd2+ 7. Nbxd2 Bg4 8. Be2 Bxf3 9. Bxf3 P@e4 10. Bg4 B@d7 11. Bxd7+ Nxd7 
12. B@b5 N@h4 13. B@h3 B@e6 14. Bxd7+ Qxd7 15. N@c5 Bxh3 16. Nxd7 Nxg2+ 17. Ke2 
B@h5+ 18. f3 exf3+ 19. Nxf3 Bxf3+ 20. Kxf3 P@e4+ 21. Kf2 B@e3+ 22. Ke2 P@f3+ 
23. Kf1 Nf4+ 24. Ke1 f2# 
{liveZ checkmated} 0-1

[Event "fics rated crazyhouse match"]
[Site "fics, Oklahoma City, OK USA"]
[Date "2000.11.26"]
[White "spurs"]
[WhiteElo "2222"]
[Black "liveZ"]
[BlackElo "2352"]
[TimeControl "60+0"]
[Result "1-0"]

1. d4 e6 2. Nf3 Nc6 3. Nc3 Nf6 4. Bg5 Be7 5. Bxf6 Bxf6 6. e4 
d5 7. Bb5 dxe4 8. Bxc6+ bxc6 9. Nxe4 B@d5 10. Nxf6+ Qxf6 11. B@e5 Bxf3 
12. Bxf6 gxf6 13. Qxf3 N@d5 14. N@g7+ Kd8 15. P@e5 N@g5 16. Qxf6+ Nxf6 17. P@e7+ 
Kxe7 18. exf6+ Kxf6 19. B@e5+ Kg6 20. Q@h5# 
{liveZ checkmated} 1-0

[Event "fics rated crazyhouse match"]
[Site "fics, Oklahoma City, OK USA"]
[Date "2000.11.26"]
[White "liveZ"]
[WhiteElo "2341"]
[Black "spurs"]
[BlackElo "2233"]
[TimeControl "60+0"]
[Result "1-0"]

1. e4 e6 2. d4 d5 3. exd5 exd5 4. Nf3 Bg4 5. Be2 Bb4+ 6. P@c3 
Be7 7. Ne5 Bxe2 8. Qxe2 B@e4 9. B@f3 Nf6 10. Bg5 Bxf3 11. Qxf3 B@e4 
12. Qg3 Nh5 13. Qh4 Bxg5 14. Qxh5 B@g6 15. Qh3 Bgf5 16. Qg3 P@h4 17. B@b5+ 
Kf8 18. Qxg5 Qxg5 19. N@d7+ Nxd7 20. Bxd7 Q@c1+ 21. B@d1 Bxc2 22. N@e3 P@d2+ 
23. Ke2 N@f4+ 24. Kf3 Nd3 25. Bxf5 Qf4+ 26. Ke2 Nxe5 27. B@e7+ Kxe7 28. f3 
Kf8 29. g3 B@d3+ 30. Kf2 Qxf3+ 31. Bxf3 Qe1+ 32. Kg2 Qxh1+ 33. Kh3 R@g1 
34. Kxh4 N@g5 35. Q@e7+ Kg8 36. Qe8# 
{spurs forfeits on time} 1-0

[Event "fics rated crazyhouse match"]
[Site "fics, Oklahoma City, OK USA"]
[Date "2000.11.26"]
[White "spurs"]
[WhiteElo "2227"]
[Black "liveZ"]
[BlackElo "2347"]
[TimeControl "60+0"]
[Result "0-1"]

1. d4 e6 2. Nf3 Nc6 3. Nc3 Bb4 4. Bg5 Nge7 5. Bxe7 Qxe7 6. e3 
B@a3 7. Bd3 Bxb2 8. O-O B2xc3 9. Rb1 d5 10. N@b5 P@e4 11. Ne5 exd3 
12. cxd3 B@d6 13. P@c5 Bxe5 14. dxe5 Bxe5 15. Rxb4 Nxb4 16. B@d6 Bxd6 17. cxd6 
cxd6 18. B@c7 B@c5 19. Qa4 P@c6 20. Nxd6+ Bxd6 21. Bxd6 Qxd6 22. B@g3 N@e2+ 
23. Kh1 Nxg3+ 24. hxg3 P@h3 25. P@h4 B@f3 26. N@f4 hxg2+ 27. Nxg2 P@h3 28. Rg1 
Bxg2+ 29. Rxg2 hxg2+ 30. Kxg2 R@e1 31. Kh3 R@h1+ 32. Kg4 f5+ 33. Kf3 B@g4+ 
34. Kg2 Reg1# 
{spurs checkmated} 0-1

[Event "fics rated crazyhouse match"]
[Site "fics, Oklahoma City, OK USA"]
[Date "2000.11.26"]
[White "liveZ"]
[WhiteElo "2352"]
[Black "Gobi"]
[BlackElo "2336"]
[TimeControl "60+0"]
[Result "1-0"]

1. e4 e5 2. Nf3 Nc6 3. Bb5 a6 4. O-O axb5 5. d4 exd4 6. Nxd4 
Nxd4 7. Qxd4 N@c6 8. Qd1 Nf6 9. Bg5 Be7 10. N@f5 Rg8 11. Nd2 d6 
12. P@d5 Ne5 13. Nf3 Nxf3+ 14. Qxf3 Bxf5 15. Bxf6 Bxf6 16. exf5 N@e5 17. Qe2 
B@g4 18. Qxb5+ P@c6 19. dxc6 bxc6 20. Qb3 P@h3 21. B@e4 B@d5 22. Bxd5 cxd5 
23. B@b5+ B@d7 24. Bxd7+ Qxd7 25. P@e6 fxe6 26. fxe6 Bxe6 27. B@h5+ P@f7 28. P@b7 
hxg2 29. bxa8=R+ B@d8 30. R@f8# 
{Gobi forfeits on time} 1-0

[Event "fics rated crazyhouse match"]
[Site "fics, Oklahoma City, OK USA"]
[Date "2000.11.26"]
[White "Gobi"]
[WhiteElo "2328"]
[Black "liveZ"]
[BlackElo "2360"]
[TimeControl "60+0"]
[Result "1-0"]

1. e4 e6 2. Nc3 Nc6 3. Nf3 Bb4 4. Bb5 Nf6 5. Qe2 d5 6. exd5 
Nxd5 7. Nxd5 Qxd5 8. P@h6 Rg8 9. hxg7 P@e7 10. N@e3 Qd8 11. P@h6 N@f4 
12. Qc4 Nd5 13. Nxd5 Qxd5 14. Qxb4 a6 15. Bxc6+ bxc6 16. B@e4 Qd6 17. Bxh7 
Qxb4 18. Bxg8 Qe4+ 19. N@e3 B@c4 20. Bxf7+ Kxf7 21. R@f8+ Kg6 22. g8=Q+ B@g7 
23. Qxg7+ Kh5 24. Qg5# 
{liveZ checkmated} 1-0

[Event "fics rated crazyhouse match"]
[Site "fics, Oklahoma City, OK USA"]
[Date "2000.11.26"]
[White "liveZ"]
[WhiteElo "2351"]
[Black "Gobi"]
[BlackElo "2337"]
[TimeControl "60+0"]
[Result "1-0"]

1. e4 Nf6 2. e5 Nd5 3. Nc3 Nxc3 4. bxc3 e6 5. d4 d6 6. Nf3 
Nc6 7. Bb5 Bd7 8. exd6 cxd6 9. O-O a6 10. Bd3 N@d5 11. Bd2 P@g4 
12. Ng5 Nxc3 13. Bxc3 Qxg5 14. N@e4 Qh5 15. N@f4 Qh4 16. P@g3 Qd8 17. Qxg4 
P@f5 18. Qe2 fxe4 19. Bxe4 d5 20. Bxd5 N@b5 21. P@d2 Ncxd4 22. Bxd4 Nxd4 
23. Qc4 exd5 24. N@c7+ Qxc7 25. Qxc7 N@e2+ 26. Nxe2 Nxe2+ 27. Kh1 B@c6 28. Qe5+ 
N@e6 29. N@c7+ Kd8 30. Nxa8 B@d6 31. R@b8+ Bxb8 32. Qxb8# 
{Gobi forfeits on time} 1-0

[Event "fics rated crazyhouse match"]
[Site "fics, Oklahoma City, OK USA"]
[Date "2000.11.26"]
[White "Gobi"]
[WhiteElo "2329"]
[Black "liveZ"]
[BlackElo "2359"]
[TimeControl "60+0"]
[Result "1-0"]

1. e4 e6 2. d4 Nc6 3. Nf3 Nf6 4. e5 Ne4 5. Bd3 d5 6. exd6 
Nxd6 7. Nc3 P@c4 8. Be2 Be7 9. O-O O-O 10. P@e5 Nf5 11. d5 exd5 
12. Nxd5 P@d3 13. cxd3 Qxd5 14. P@e4 Qd8 15. exf5 Bxf5 16. P@f6 Bxf6 17. exf6 
Qxf6 18. Bg5 Qe6 19. N@d4 Nxd4 20. Nxd4 Qd7 21. Nxf5 Qxf5 22. N@e7+ Kh8 
23. Nxf5 f6 24. Bh6 N@e6 25. B@d5 N@d8 26. Q@e7 N@d7 27. Bxg7+ Kg8 28. Nh6# 
{liveZ checkmated} 1-0

[Event "fics rated crazyhouse match"]
[Site "fics, Oklahoma City, OK USA"]
[Date "2000.11.26"]
[White "liveZ"]
[WhiteElo "2350"]
[Black "Gobi"]
[BlackElo "2338"]
[TimeControl "60+0"]
[Result "1-0"]

1. e4 Nf6 2. e5 Nd5 3. Nc3 e6 4. Bc4 Nxc3 5. bxc3 d5 6. exd6 
Bxd6 7. Nf3 N@f4 8. Bf1 P@e2 9. Bxe2 Nxg2+ 10. Kf1 Nf4 11. Rg1 P@g2+ 
12. Rxg2 Nxg2 13. Kxg2 Nc6 14. d4 R@g6+ 15. P@g3 h5 16. N@h4 Rg4 17. P@h3 
e5 18. d5 e4 19. Ng1 Rxh4 20. dxc6 Rxh3 21. Nxh3 Bxh3+ 22. Kxh3 P@f3 
23. Bxf3 exf3 24. R@e3+ N@e5 25. Qxf3 B@g4+ 26. Kg2 Bxf3+ 27. Rxf3 N@e1+ 28. Kf1 
Q@g1+ 29. Ke2 N5xf3 30. P@d7+ Kf8 31. P@e7+ Qxe7+ 32. N@e6+ fxe6 33. N@g6+ Kf7 
34. Ne5+ Nxe5 35. P@g6+ Nxg6 36. B@e8+ Kf8 37. B@f1 
{Gobi forfeits on time} 1-0

[Event "fics rated crazyhouse match"]
[Site "fics, Oklahoma City, OK USA"]
[Date "2000.11.26"]
[White "Gobi"]
[WhiteElo "2330"]
[Black "liveZ"]
[BlackElo "2358"]
[TimeControl "60+0"]
[Result "1-0"]

1. e4 d5 2. Nc3 d4 3. Nce2 Nc6 4. Ng3 Nf6 5. Bc4 e5 6. Nf3 
Bb4 7. O-O O-O 8. c3 dxc3 9. dxc3 Bd6 10. Bg5 P@h3 11. gxh3 Bxh3 
12. Re1 Bg4 13. P@g2 h6 14. Bxf6 Qxf6 15. N@d5 Qd8 16. Nf5 Bxf5 17. exf5 
P@e6 18. fxe6 fxe6 19. Nxc7 Qxc7 20. Bxe6+ P@f7 21. P@g6 fxe6 22. P@f7+ Kh8 
23. P@g5 B@f4 24. P@f6 Bxg5 25. Nxg5 hxg5 26. Qh5+ P@h6 27. Qxh6+ gxh6 28. P@g7# 
{liveZ checkmated} 1-0

[Event "fics rated crazyhouse match"]
[Site "fics, Oklahoma City, OK USA"]
[Date "2000.11.26"]
[White "liveZ"]
[WhiteElo "2349"]
[Black "Gobi"]
[BlackElo "2339"]
[TimeControl "60+0"]
[Result "0-1"]

1. e4 Nf6 2. e5 Nd5 3. Nc3 e6 4. Bc4 Nb6 5. Be2 d5 6. Nf3 
N8d7 7. d4 a6 8. O-O c5 9. Bg5 Qc7 10. dxc5 Qxc5 11. P@d6 P@f6 
12. exf6 gxf6 13. Bxf6 Nxf6 14. P@e5 Nfd7 15. Nd4 Nxe5 16. Nb3 Qxd6 17. Ne4 
dxe4 18. Qxd6 Bxd6 19. P@f4 Nc6 20. Q@f6 Rg8 21. Bh5 N@h3+ 22. Kh1 Q@g1+ 
23. Rxg1 Nxf2# 
{liveZ checkmated} 0-1

[Event "fics rated crazyhouse match"]
[Site "fics, Oklahoma City, OK USA"]
[Date "2000.11.26"]
[White "Gobi"]
[WhiteElo "2347"]
[Black "liveZ"]
[BlackElo "2341"]
[TimeControl "60+0"]
[Result "1-0"]

1. e4 e5 2. Nc3 Nc6 3. Nf3 Bb4 4. Bc4 Nf6 5. O-O O-O 6. d3 
d5 7. Nxd5 Nxd5 8. exd5 Bg4 9. dxc6 Bxf3 10. Qxf3 N@d4 11. Qg4 bxc6 
12. Bxf7+ Rxf7 13. N@h6+ Kf8 14. Nxf7 B@f5 15. R@h8+ N@g8 16. Rxg8+ Kxg8 17. Nxd8 
Rxd8 18. N@h6+ Kh8 19. Q@g8+ Rxg8 20. Nf7# 
{liveZ checkmated} 1-0

[Event "fics rated crazyhouse match"]
[Site "fics, Oklahoma City, OK USA"]
[Date "2000.11.26"]
[White "liveZ"]
[WhiteElo "2333"]
[Black "Gobi"]
[BlackElo "2355"]
[TimeControl "60+0"]
[Result "0-1"]

1. e4 Nf6 2. e5 Nd5 3. Nf3 Nc6 4. d4 e6 5. Bb5 d6 6. O-O 
Bd7 7. Nc3 Nxc3 8. bxc3 dxe5 9. dxe5 P@e4 10. Bxc6 Bxc6 11. P@d7+ Qxd7 
12. Qxd7+ Kxd7 13. Ng5 P@f3 14. Rd1+ B@d5 15. gxf3 exf3 16. Nxf3 Q@e2 17. Q@d3 
N@h3+ 18. Kh1 Nxf2+ 19. Kg1 Nxd3 20. N@f6+ gxf6 21. N@g4 Q@g2# 
{liveZ checkmated} 0-1

[Event "fics rated crazyhouse match"]
[Site "fics, Oklahoma City, OK USA"]
[Date "2000.11.26"]
[White "Gobi"]
[WhiteElo "2362"]
[Black "liveZ"]
[BlackElo "2326"]
[TimeControl "60+0"]
[Result "0-1"]

1. e4 e6 2. Nf3 d5 3. Nc3 d4 4. Nb5 Nc6 5. c3 e5 6. cxd4 
exd4 7. P@d5 a6 8. dxc6 axb5 9. Bxb5 bxc6 10. Bxc6+ Bd7 11. Bxd7+ Qxd7 
12. N@e5 B@b5 13. d3 Bb4+ 14. B@d2 Bd6 15. Nxd7 Bxd7 16. Nxd4 N@h4 17. Rg1 
P@e5 18. P@c6 Bxc6 19. Nxc6 P@b7 20. Q@b5 P@d7 21. Qxb7 N@b6 22. P@c5 Ne7 
23. Nxe7 Bxe7 24. cxb6 O-O 25. N@d5 Bd6 26. Qg4 Ng6 27. N@f6+ Kh8 28. Bh6 
N@e6 29. Bxg7+ Nxg7 30. P@h6 Rg8 
{Gobi forfeits on time} 0-1

[Event "fics rated crazyhouse match"]
[Site "fics, Oklahoma City, OK USA"]
[Date "2000.11.26"]
[White "liveZ"]
[WhiteElo "2335"]
[Black "Gobi"]
[BlackElo "2353"]
[TimeControl "60+0"]
[Result "0-1"]

1. e4 Nf6 2. Nc3 Nc6 3. Nf3 e5 4. Bc4 Bc5 5. O-O O-O 6. d3 
h6 7. Nd5 d6 8. Nxf6+ Qxf6 9. N@d5 Qd8 10. Be3 Bxe3 11. fxe3 Be6 
12. B@f5 B@c5 13. Qe2 Bxf5 14. exf5 N@f4 15. Nxf4 exf4 16. d4 Bb6 17. B@g6 
d5 18. Bd3 fxg6 19. fxg6 B@e4 20. P@f7+ Kh8 21. N@e6 N@f6 22. Nxd8 Raxd8 
23. Bxe4 dxe4 24. B@e5 exf3 25. Bxf6 B@h7 26. gxh7 fxe2 27. Q@g8+ Rxg8 28. hxg8=Q+ 
Rxg8 29. fxg8=Q+ Kxg8 30. R@e8+ B@f8 31. Rxf8+ Kxf8 32. R@h8+ Kf7 33. B@e8+ Kxf6 
34. B@e5+ Nxe5 35. dxe5+ Ke6 36. N@f5 Kxe5 
{liveZ forfeits on time} 0-1

[Event "fics rated crazyhouse match"]
[Site "fics, Oklahoma City, OK USA"]
[Date "2000.11.26"]
[White "Gobi"]
[WhiteElo "2361"]
[Black "liveZ"]
[BlackElo "2327"]
[TimeControl "60+0"]
[Result "1-0"]

1. e4 e6 2. d4 Nc6 3. Nf3 Nf6 4. Bg5 Be7 5. Nbd2 d6 6. Bb5 
Bd7 7. O-O O-O 8. Re1 e5 9. Bxc6 Bxc6 10. dxe5 dxe5 11. Nxe5 Bd6 
12. Nxc6 bxc6 13. e5 Bxe5 14. Rxe5 B@d6 15. Bxf6 Qxf6 16. N@g4 Qxe5 17. Nxe5 
Bxe5 18. Nf3 P@e3 19. Nxe5 exf2+ 20. Kxf2 N@e4+ 21. Kf3 N@g5+ 22. Ke3 B@f2+ 
23. Ke2 Rae8 24. B@f4 P@d6 25. P@h6 dxe5 26. hxg7 N@g6 27. N@h6+ Kxg7 28. Nf5+ 
Kf6 29. B@g7+ Ke6 30. Q@d7# 
{liveZ checkmated} 1-0

[Event "fics rated crazyhouse match"]
[Site "fics, Oklahoma City, OK USA"]
[Date "2000.11.26"]
[White "liveZ"]
[WhiteElo "2320"]
[Black "Gobi"]
[BlackElo "2368"]
[TimeControl "60+0"]
[Result "0-1"]

1. e4 Nf6 2. e5 Nd5 3. Bc4 Nb6 4. Bxf7+ Kxf7 5. Nf3 e6 6. d4 
Be7 7. h4 Rf8 8. Ng5+ Kg8 9. P@f7+ Rxf7 10. Nxf7 Kxf7 11. Qf3+ P@f5 
12. h5 B@g4 13. Qxg4 fxg4 14. B@g6+ hxg6 15. hxg6+ Kxg6 16. Nc3 Nc6 17. Be3 
Nc4 18. Ne4 B@f5 19. Ng3 Nxe3 20. Nxf5 Nxg2+ 21. Kf1 P@e2+ 22. Kg1 N@f3+ 
23. Kxg2 Ne1+ 24. Rhxe1 B@f3+ 25. Kg3 Q@g2+ 26. Kf4 Bg5# 
{liveZ checkmated} 0-1

[Event "fics rated crazyhouse match"]
[Site "fics, Oklahoma City, OK USA"]
[Date "2000.11.26"]
[White "Gobi"]
[WhiteElo "2375"]
[Black "liveZ"]
[BlackElo "2313"]
[TimeControl "60+0"]
[Result "1-0"]

1. e4 e6 2. Nc3 d5 3. Nf3 dxe4 4. Nxe4 Nc6 5. Bb5 P@d5 6. Neg5 
Be7 7. Nxf7 Kxf7 8. Bxc6 Nf6 9. Ne5+ Kf8 10. N@f7 bxc6 11. Nxd8 B@e8 
12. P@f7 N@d6 13. fxe8=Q+ Kxe8 14. Ndxc6 Bb7 15. B@a4 P@b5 16. Bb3 Rf8 17. Nxe7 
Kxe7 18. d3 N@h4 19. B@h3 d4 20. P@f3 Nhf5 21. Bg5 Rae8 22. Q@d7# 
{liveZ checkmated} 1-0

[Event "fics rated crazyhouse match"]
[Site "fics, Oklahoma City, OK USA"]
[Date "2000.11.26"]
[White "liveZ"]
[WhiteElo "2306"]
[Black "Gobi"]
[BlackElo "2382"]
[TimeControl "60+0"]
[Result "1-0"]

1. e4 Nf6 2. Nc3 e5 3. Bc4 Nc6 4. Nf3 Bc5 5. O-O O-O 6. d3 
d6 7. Bg5 Be6 8. Nd5 Bxd5 9. exd5 Na5 10. B@h4 N@g4 11. h3 Nxf2 
12. Rxf2 Bxf2+ 13. Bxf2 Nxc4 14. dxc4 B@f4 15. Bxf6 Qxf6 16. N@g4 Qf5 17. N@e7+ 
Kh8 18. Nxf5 R@g6 19. B@h5 Rxg4 20. Bxg4 P@g6 21. Nxg7 Kxg7 22. P@f6+ Kxf6 
23. N@e4+ Ke7 24. Q@f6+ Ke8 25. R@e7+ Kd8 26. Rxf7+ P@e7 27. Qxe7# 
{Gobi checkmated} 1-0

[Event "fics rated crazyhouse match"]
[Site "fics, Oklahoma City, OK USA"]
[Date "2000.11.26"]
[White "Gobi"]
[WhiteElo "2372"]
[Black "liveZ"]
[BlackElo "2316"]
[TimeControl "60+0"]
[Result "1-0"]

1. e4 e6 2. d4 Nc6 3. Bf4 Nf6 4. Bd3 d5 5. e5 Ne4 6. c3 
Be7 7. Nf3 O-O 8. Nbd2 Nxd2 9. Qxd2 f5 10. exf6 Bxf6 11. Bxh7+ Kxh7 
12. N@g5+ Kg8 13. P@f7+ Rxf7 14. Nxf7 Kxf7 15. Ne5+ Nxe5 16. dxe5 N@e4 17. exf6 
Nxd2 18. N@e5+ Kxf6 19. R@f7# 
{liveZ checkmated} 1-0

[Event "fics rated crazyhouse match"]
[Site "fics, Oklahoma City, OK USA"]
[Date "2000.11.26"]
[White "liveZ"]
[WhiteElo "2309"]
[Black "Gobi"]
[BlackElo "2379"]
[TimeControl "60+0"]
[Result "0-1"]

1. e4 Nf6 2. Nc3 e5 3. Nf3 Nc6 4. Bc4 Bc5 5. O-O d6 6. d3 
O-O 7. Bg5 Be6 8. Nd5 Bxd5 9. Bxd5 N@f4 10. Bxc6 bxc6 11. B@h4 B@e2 
12. Bxf6 Bxd1 13. Raxd1 Q@g4 14. B@g3 Qxf3 15. gxf3 Qxf6 16. N@g2 Nh3+ 17. Kh1 
Qxf3 18. N@e1 Qxd1 19. Q@g4 Qxg4 20. f3 P@e2 21. Rg1 Nxg1 22. fxg4 Nh3 
23. Bf2 R@f1+ 24. Q@g1 Bxf2 25. Bxf2 Nxf2# 
{liveZ checkmated} 0-1

[Event "fics rated crazyhouse match"]
[Site "fics, Oklahoma City, OK USA"]
[Date "2000.11.26"]
[White "Gobi"]
[WhiteElo "2385"]
[Black "liveZ"]
[BlackElo "2303"]
[TimeControl "60+0"]
[Result "1-0"]

1. e4 d5 2. exd5 e6 3. Nc3 exd5 4. d4 Bb4 5. Bb5+ P@c6 6. Be2 
Qe7 7. Nf3 Nf6 8. O-O Bxc3 9. bxc3 Ne4 10. B@b4 N@d6 11. P@e5 O-O 
12. Bca3 Bg4 13. exd6 cxd6 14. N@e3 Bxf3 15. Bxf3 P@c5 16. Bxe4 cxb4 17. Bxh7+ 
Kxh7 18. Qh5+ B@h6 19. Bxb4 B@g6 20. B@f5 N@f4 21. Qg4 Bxf5 22. Nxf5 B@g6 
23. Nxe7 Nd7 24. P@f5 Bxf5 25. Qxf5+ P@g6 26. Qxd7 Rae8 27. Bxd6 Rxe7 28. Qxe7 
Rg8 29. Qxf7 N@g4 30. Bxf4 Bxf4 31. Qxg8+ Kxg8 32. N@e7+ Kf7 33. B@g8+ Kf6 
34. Q@e6+ Kg5 35. N@f3+ Kh6 36. Qxg6# 
{liveZ checkmated} 1-0

[Event "fics rated crazyhouse match"]
[Site "fics, Oklahoma City, OK USA"]
[Date "2000.11.26"]
[White "liveZ"]
[WhiteElo "2297"]
[Black "Gobi"]
[BlackElo "2391"]
[TimeControl "60+0"]
[Result "0-1"]

1. e4 Nf6 2. e5 Ne4 3. Qf3 d5 4. d3 Nc5 5. Nc3 e6 6. d4 
Ncd7 7. Nh3 Nc6 8. Be3 Ndxe5 9. dxe5 Nxe5 10. Qg3 d4 11. Qxe5 dxe3 
12. Qxe3 P@d4 13. Rd1 dxe3 14. Rxd8+ Kxd8 15. Q@d3+ R@d6 16. Qxe3 P@d2+ 17. Ke2 
Q@e1+ 18. Kf3 d1=Q+ 19. Be2 Qxh1 20. Nxd1 B@g4+ 21. Kxg4 Qxg2+ 22. P@g3 h5+ 
23. Kh4 Be7+ 24. P@g5 R@g4+ 25. Bxg4 hxg4+ 26. P@h6 Qxh3# 
{liveZ checkmated} 0-1

[Event "fics rated crazyhouse match"]
[Site "fics, Oklahoma City, OK USA"]
[Date "2000.11.26"]
[White "Gobi"]
[WhiteElo "2397"]
[Black "liveZ"]
[BlackElo "2291"]
[TimeControl "60+0"]
[Result "0-1"]

1. Nc3 e6 2. d4 Bb4 3. Bd2 Nf6 4. e3 d5 5. Bd3 O-O 6. Nge2 
Nc6 7. O-O e5 8. a3 Bxc3 9. Bxc3 e4 10. Bb5 N@h4 11. Nf4 Bg4 
12. f3 exf3 13. gxf3 Bxf3 14. Rxf3 Nxf3+ 15. Qxf3 P@g4 16. Qg3 R@f3 17. Qg2 
Rxe3 18. Bxc6 bxc6 19. B@e5 B@h3 20. Nxh3 Rxh3 21. B@g5 N@f3+ 22. Kh1 Nxh2 
23. Bxh2 P@f3 24. Qxf3 gxf3 25. N@f4 P@g2+ 26. Kg1 Q@e3+ 27. N@f2 P@g3 28. Nxh3 
gxh2+ 29. Kxh2 Qd6# 
{Gobi forfeits on time} 0-1

[Event "fics rated crazyhouse match"]
[Site "fics, Oklahoma City, OK USA"]
[Date "2000.11.26"]
[White "liveZ"]
[WhiteElo "2301"]
[Black "Gobi"]
[BlackElo "2387"]
[TimeControl "60+0"]
[Result "1-0"]

1. e4 Nf6 2. e5 Nd5 3. d4 e6 4. Nf3 Nc6 5. Bb5 d6 6. O-O 
Bd7 7. Nc3 Nxc3 8. bxc3 a6 9. Bd3 dxe5 10. dxe5 P@g4 11. Bg5 N@e7 
12. P@f6 gxf3 13. fxg7 Bxg7 14. P@f6 Bxf6 15. exf6 Rg8 16. N@g7+ Rxg7 17. fxg7 
N@g8 18. R@f8# 
{Gobi checkmated} 1-0

[Event "fics rated crazyhouse match"]
[Site "fics, Oklahoma City, OK USA"]
[Date "2000.11.26"]
[White "Gobi"]
[WhiteElo "2377"]
[Black "liveZ"]
[BlackElo "2311"]
[TimeControl "60+0"]
[Result "1-0"]

1. d4 e6 2. Nc3 Nc6 3. e4 Bb4 4. Bb5 Nf6 5. Qd3 d5 6. e5 
Ne4 7. Ne2 O-O 8. O-O f5 9. f3 Bxc3 10. bxc3 Bd7 11. Ba3 N@c4 
12. Bxf8 Qxf8 13. fxe4 dxe4 14. Qxc4 B@d5 15. Qa4 e3 16. N@g5 a6 17. Bd3 
b5 18. Bxb5 axb5 19. B@f7+ Qxf7 20. Qxa8+ B@e8 21. R@h8+ Kxh8 22. Nxf7+ Kg8 
23. N@h6+ Kf8 24. R@g8+ Ke7 25. Q@f8# 
{liveZ checkmated} 1-0

[Event "fics rated crazyhouse match"]
[Site "fics, Oklahoma City, OK USA"]
[Date "2000.11.26"]
[White "liveZ"]
[WhiteElo "2304"]
[Black "Gobi"]
[BlackElo "2384"]
[TimeControl "60+0"]
[Result "0-1"]

1. e4 Nf6 2. e5 Nd5 3. Nc3 e6 4. Bc4 d6 5. Nf3 Nxc3 6. bxc3 
Nc6 7. d4 dxe5 8. Bg5 P@f6 9. dxe5 fxg5 10. Qxd8+ Nxd8 11. Rd1 B@c6 
12. P@d5 exd5 13. Bxd5 Bxd5 14. Rxd5 B@c6 15. Rd7 B8xd7 16. B@d1 g4 17. P@f6 
gxf3 18. fxg7 P@d2+ 19. Kxd2 N@c4+ 20. Kd3 R@d2# 
{liveZ resigns} 0-1

[Event "fics rated crazyhouse match"]
[Site "fics, Oklahoma City, OK USA"]
[Date "2000.11.26"]
[White "Gobi"]
[WhiteElo "2390"]
[Black "liveZ"]
[BlackElo "2298"]
[TimeControl "60+0"]
[Result "1-0"]

1. e4 e6 2. d4 d5 3. e5 c5 4. Nf3 Nc6 5. Nc3 cxd4 6. Nxd4 
Nxe5 7. Bf4 Bd6 8. Ndb5 P@c7 9. P@c5 Nf6 10. cxd6 cxd6 11. B@c7 O-O 
12. Bxd6 Qxd6 13. Nxd6 Neg4 14. P@e7 Bd7 15. exf8=Q+ Rxf8 16. R@g5 P@g6 17. Rxg4 
Nxg4 18. Qxg4 B@h5 19. N@h6+ gxh6 20. N@f6+ Kh8 21. Qxh5 gxh5 22. B@g7+ Kxg7 
23. Nxh5+ Kg6 24. Q@g7+ Kxh5 25. P@g4+ Kh4 26. Bg3# 
{liveZ checkmated} 1-0

[Event "fics rated crazyhouse match"]
[Site "fics, Oklahoma City, OK USA"]
[Date "2000.11.26"]
[White "liveZ"]
[WhiteElo "2292"]
[Black "Gobi"]
[BlackElo "2396"]
[TimeControl "60+0"]
[Result "1-0"]

1. e4 Nf6 2. Nc3 e5 3. Nf3 Nc6 4. Bb5 Bc5 5. d3 O-O 6. Bg5 
d6 7. O-O Be6 8. Nd5 Bxd5 9. exd5 Nd4 10. Nxd4 Bxd4 11. B@h4 N@g4 
12. N@f5 Bxf2+ 13. Bxf2 Nxf2 14. Rxf2 B@b6 15. d4 N@e4 16. B@e7 Nxf2 17. Bexf6 
Qxf6 18. Bxf6 R@h1+ 19. Kxf2 Bxd4+ 20. Qxd4 B@h8 21. N@e7# 
{Gobi checkmated} 1-0

[Event "fics rated crazyhouse match"]
[Site "fics, Oklahoma City, OK USA"]
[Date "2000.11.26"]
[White "Gobi"]
[WhiteElo "2386"]
[Black "liveZ"]
[BlackElo "2302"]
[TimeControl "60+0"]
[Result "1-0"]

1. e4 e5 2. Nc3 Nc6 3. Nf3 Nf6 4. Bc4 Bc5 5. O-O d6 6. Ng5 
O-O 7. h3 h6 8. Nxf7 Rxf7 9. P@g6 N@e6 10. gxf7+ Kxf7 11. d3 P@f4 
12. Nd5 Kf8 13. Nxf6 Qxf6 14. N@h7+ Kg8 15. Nxf6+ gxf6 16. Q@e8+ N@f8 17. Qg4+ 
N@g5 18. Qgh5 Bd7 19. Qhg6+ Kh8 20. R@g8# 
{liveZ checkmated} 1-0